 Dungeon Crawl Stone Soup version 0.22-a0-284-g99d1f74 (webtiles) character file.

2562 MatthieuS the Magician (level 9, -5/68 HPs)
             Began as a Human Wizard on Mar 18, 2018.
             Was a Believer of Vehumet.
             Slain by a hornet (9 damage)
             ... while paralysed by a hornet
             ... on level 7 of the Dungeon on Mar 20, 2018.
             The game lasted 00:40:31 (9304 turns).

MatthieuS the Magician (Human Wizard)               Turns: 9304, Time: 00:40:31

Health: -5/68      AC:  5    Str:  8    XL:     9   Next: 87%
Magic:  5/18       EV:  2    Int: 22    God:    Vehumet [**....]
Gold:   239        SH:  0    Dex: 11    Spells: 8/20 levels left

rFire    + . .     SeeInvis .   w - +0 whip (elec)
rCold    + . .     Gourm    .   v - +0 buckler
rNeg     + . .     Faith    .   a - +0 robe
rPois    .         Spirit   .   p - +2 hat
rElec    .         Reflect  +   h - scarf {rC+ rF+}
rCorr    .         Harm     .   f - +0 pair of gloves
MR       .....                  (no boots)
Stlth    ++........             b - +2 amulet of reflection
HPRegen  0.21/turn              s - ring of positive energy
MPRegen  0.16/turn              (no ring)

@: paralysed, lethally poisoned (-5 -> -7), slowed
A: no striking features
a: Renounce Religion


You were on level 7 of the Dungeon.
You worshipped Vehumet.
Vehumet was pleased with you.
You were not hungry.

You visited 1 branch of the dungeon, and saw 7 of its levels.

You collected 265 gold pieces.
You spent 26 gold pieces at shops.

Inventory:

Hand Weapons
 w - a +0 whip of electrocution (weapon)
   (You took it off Pikel on level 6 of the Dungeon)
Missiles
 y - a throwing net (quivered) {!f}
Armour
 a - a +0 robe (worn)
 f - a +0 pair of gloves (worn)
   (You found it on level 2 of the Dungeon)
 h - a scarf of resistance (worn)
   (You found it on level 5 of the Dungeon)
 p - a +2 hat (worn)
   (You found it on level 3 of the Dungeon)
 v - a +0 buckler (worn)
   (You found it on level 3 of the Dungeon)
Magical Staves
 B - an uncursed staff of air
   (You found it on level 6 of the Dungeon)
Jewellery
 b - a +2 amulet of reflection (around neck)
   (You took it off an orc on level 4 of the Dungeon)
 s - a ring of positive energy (left hand)
   (You took it off an orc on level 3 of the Dungeon)
Wands
 d - a wand of iceblast (8)
   (You took it off Pikel on level 6 of the Dungeon)
 u - a wand of paralysis (7)
   (You found it on level 2 of the Dungeon)
Scrolls
 c - 4 scrolls of teleportation {@r4}
 i - a scroll of noise {unknown}
 j - 2 scrolls of fog
 l - 2 scrolls of enchant weapon
 m - a scroll of random uselessness {unknown}
 o - a scroll of amnesia
 q - a scroll of magic mapping {unknown}
 t - 2 scrolls of enchant armour
 A - a scroll of immolation {unknown}
Potions
 e - 2 potions of degeneration {!q}
 n - 6 potions of flight
 C - a potion of brilliance
Comestibles
 k - 9 chunks of flesh
 z - 9 rations


   Skills:
 + Level 5.0 Fighting
 + Level 2.2 Armour
 - Level 2.3 Dodging
 - Level 2.0 Stealth
 - Level 4.0 Shields
 + Level 6.3 Spellcasting
 + Level 5.1 Conjurations
 + Level 5.7 Summonings
 - Level 1.0 Translocations
 + Level 2.9 Poison Magic


You had 8 spell levels left.
You knew the following spells:

 Your Spells              Type           Power        Failure   Level  Hunger
a - Magic Dart            Conj           ####         1%          1    None
b - Call Imp              Summ           ####....     1%          2    None
c - Sting                 Conj/Pois      ###.         1%          1    None
d - Conjure Flame         Conj/Fire      ###.....     9%          3    #......
e - Blink                 Tloc           N/A          9%          2    None
f - Mephitic Cloud        Conj/Pois/Air  ###.....     9%          3    #......


Dungeon Overview and Level Annotations

Branches:
Dungeon (7/15)             Temple (0/1) D:7

Altars:
Ashenzari
Cheibriados
Elyvilon
Fedhas
Uskayaw
Vehumet
The Shining One

Shops:
D:7 ?

Annotations:
D:5 Prince Ribbit; spacecaptainspiff's ghost, amateur DrFi


Message History

Your crimson imp blinks!
Unknown command.
You miss the hornet. The hornet stings you!
* * * LOW HITPOINT WARNING * * *
You feel as though you will be slow longer.
Your white imp completely misses the hornet.
You block the hornet's attack.
Your crimson imp blinks!
Your white imp gestures at the hornet.
The puff of frost hits the hornet.
The hornet stings you!
* * * LOW HITPOINT WARNING * * *
You are poisoned.
You feel as though you will be slow longer.
You blink.
You feel sick. The hornet stings you.
* * * LOW HITPOINT WARNING * * *
You feel as though you will be slow longer.
Okay, then.
As you read the scroll of fear, it crumbles to dust.
You assume a fearsome visage.
Your white imp is unaffected.
Your crimson imp is unaffected.
Your crimson imp is unaffected.
The hornet looks frightened!
You feel sick.
Your white imp gestures at the hornet.
The puff of frost misses the hornet.
Okay, then.
Aim: a hornet (lightly wounded, fleeing)
The magic dart hits the hornet.
Your attack snaps the hornet out of its fear.
You feel sick.
Your crimson imp barely misses the hornet.
You hit the hornet but do no damage. Lightning courses through the hornet!
You feel sick. The hornet misses you.
Your white imp closely misses the hornet.
The hornet closely misses you.
Your crimson imp closely misses the hornet.
The hornet stings you.
* * * LOW HITPOINT WARNING * * *
You feel as though you will be slow longer.
Your crimson imp hits the hornet but does no damage.
You barely miss the hornet. The hornet barely misses you.
The hornet closely misses you.
Your crimson imp hits the hornet but does no damage.
Your crimson imp hits the hornet.
You miss the hornet.
You feel sick. The hornet stings you.
* * * LOW HITPOINT WARNING * * *
You suddenly lose the ability to move!
Your crimson imp hits the hornet but does no damage.
The hornet stings you!
You die...

...'............. ...........
...###.∩.........................
##..........................
#........<...............⌠.
#................. ........
#................. .......
#######................. ......
........................ .....
######..........@....... ....
#........5y........ ...
#........55........
#..................
#..................
#..................
.....................
###..................
...................


You could see a hornet, 2 friendly crimson imps and a friendly white imp.

Vanquished Creatures
  Pikel (D:6)
  Menkaure (D:5)
  A sky beast (D:6)
  A phantom (D:5)
  3 ogres (D:4)
  A centaur (D:6)
  A scorpion (D:3)
  A centaur zombie (D:4)
  A howler monkey (D:5)
  A hound (D:6)
  An orc priest (D:4)
  2 orc wizards
  A bullfrog skeleton (D:5)
  2 worker ants
  Terence (D:2)
  2 hound skeletons
  A gnoll (D:1)
  3 adders
  An ooze (D:2)
  An adder zombie (D:5)
  3 worms
  4 dart slugs
  3 leopard geckos
  11 orcs
  2 ball pythons
  9 bats
  2 giant cockroaches
  4 goblins
  4 hobgoblins
  7 jackals
  9 kobolds
  A quokka (D:5)
  A ball python zombie (D:5)
  5 frilled lizards
  A quokka zombie (D:6)
  8 rats (D:1)
101 creatures vanquished.

Vanquished Creatures (collateral kills)
  The ghost of ultrashaft the Changer, an amateur DrTm (D:4)
  Sigmund (D:2)
  2 water moccasins
  A sky beast (D:5)
  An orc warrior (D:7)
  A black bear (D:6)
  A necrophage (D:4)
  An ogre (D:4)
  A phantom (D:4)
  A centaur (D:7)
  A bullfrog (D:7)
  A scorpion (D:6)
  A crimson imp (D:5)
  3 jellies
  An orc priest (D:7)
  3 orc wizards
  2 bullfrog skeletons
  A worker ant (D:7)
  5 adders
  An adder skeleton (D:6)
  2 leopard geckos
  13 orcs
  A ball python (D:3)
  2 giant cockroaches (D:3)
  A goblin (D:3)
  A kobold (D:3)
  A quokka (D:5)
  5 frilled lizards
  A quokka skeleton (D:5)
  2 rats (D:3)
59 creatures vanquished.

Vanquished Creatures (others)
  A sky beast (D:6)
  A goblin (D:3)
  2 quokkas (D:6)
4 creatures vanquished.

Grand Total: 164 creatures vanquished

Notes
Turn   | Place    | Note
-------+----------+-------------------------------------------
     0 | D:1      | MatthieuS the Human Wizard began the quest for the Orb.
     0 | D:1      | Reached XP level 1. HP: 13/13 MP: 4/4
   240 | D:1      | Reached XP level 2. HP: 8/19 MP: 0/6
   621 | D:1      | Reached XP level 3. HP: 7/24 MP: 3/7
   829 | D:1      | Learned a level 2 spell: Call Imp
   832 | D:1      | Learned a level 2 spell: Blink
   836 | D:1      | Learned a level 3 spell: Conjure Flame
  1665 | D:2      | Noticed Sigmund
  1745 | D:2      | Reached XP level 4. HP: 30/30 MP: 4/9
  2233 | D:2      | Found a shattered altar of Ashenzari.
  2417 | D:2      | Found a glowing golden altar of the Shining One.
  2718 | D:2      | Noticed Terence
  2776 | D:2      | Killed Sigmund
  2776 | D:2      | Reached skill level 4 in Spellcasting
  2776 | D:2      | Reached XP level 5. HP: 9/35 MP: 0/11
  3021 | D:2      | Killed Terence
  3470 | D:3      | Reached XP level 6. HP: 41/42 MP: 0/12
  3796 | D:3      | Reached skill level 1 in Fighting
  3929 | D:3      | Found a radiant altar of Vehumet.
  3937 | D:3      | Became a worshipper of Vehumet
  4676 | D:4      | Noticed an ogre
  4691 | D:4      | Noticed an ogre
  4711 | D:4      | Killed an ogre
  4711 | D:4      | Reached skill level 1 in Armour
  4711 | D:4      | Reached XP level 7. HP: 48/48 MP: 0/13
  4890 | D:4      | Noticed ultrashaft's ghost (amateur DrTm)
  5464 | D:4      | Reached * piety under Vehumet
  5464 | D:4      | Offered knowledge of Sting by Vehumet.
  5467 | D:4      | Learned a level 1 spell: Sting
  5593 | D:4      | Reached skill level 5 in Spellcasting
  5593 | D:4      | Reached XP level 8. HP: 43/56 MP: 2/15
  5826 | D:4      | Killed ultrashaft's ghost
  5826 | D:4      | Reached skill level 1 in Shields
  6259 | D:4      | Noticed a dagger
  6261 | D:4      | Found a hide-covered altar of Uskayaw.
  6261 | D:4      | Noticed a dagger
  6329 | D:5      | Entered Level 5 of the Dungeon
  6707 | D:5      | Noticed Prince Ribbit
  7074 | D:5      | Noticed Menkaure
  7089 | D:5      | Killed Menkaure
  7089 | D:5      | Reached skill level 5 in Conjurations
  7291 | D:5      | Found a blossoming altar of Fedhas.
  7488 | D:5      | Noticed spacecaptainspiff's ghost (amateur DrFi)
  7709 | D:6      | Found a snail-covered altar of Cheibriados.
  7725 | D:6      | Reached XP level 9. HP: 65/65 MP: 13/17
  7802 | D:6      | Reached skill level 1 in Poison Magic
  7848 | D:6      | Upgraded the game from 0.22-a0-283-g1871b15 to 0.22-a0-284-g99d1f74
  7977 | D:6      | Learned a level 3 spell: Mephitic Cloud
  8236 | D:6      | Noticed Pikel
  8258 | D:6      | Killed Pikel
  8258 | D:6      | Reached skill level 6 in Spellcasting
  8258 | D:6      | Reached skill level 5 in Summonings
  8402 | D:6      | Reached ** piety under Vehumet
  8402 | D:6      | Offered knowledge of Shock by Vehumet.
  8540 | D:6      | Found a white marble altar of Elyvilon.
  9000 | D:7      | Found a staircase to the Ecumenical Temple.
  9228 | D:7      | Found Opofoc's Magic Scroll Shop.
  9243 | D:7      | Bought a scroll of identify for 26 gold pieces
  9254 | D:7      | Reached skill level 5 in Fighting
  9284 | D:7      | Noticed a hornet
  9304 | D:7      | Paralysed by a hornet for 3 turns
  9304 | D:7      | Slain by a hornet

Vault maps used:
D:1:      onia_arrival_handbag, hangedman_decor_peaks_small, nrook_mini_vaults
D:2:      tso_altar, ashenzari_conservatory_becter, uniq_terence, uniq_sigmund
D:3:      fiery_altar_vehumet
D:4:      dancing_weapons_uskayaw
D:5:      basic_altar, first_ration, uniq_crazy_yiuf_cottage, uniq_menkaure,
          uniq_prince_ribbit1
D:6:      cheibrodos_worm_habitat, elyvilon_altar_4, uniq_pikel
D:7:      temple_fountains, serial_shops, shop

Skill      XL: |  1  2  3  4  5  6  7  8  9 |
---------------+----------------------------+-----
Conjurations   | 2 3 4 5 |  5.1
Spellcasting   | 4 5 6 |  6.3
Summonings     | 2 3 4 5 |  5.7
Fighting       | 1 2 3 5 |  5.0
Armour         | 1 2 |  2.2
Shields        | 2 4 |  4.0
Poison Magic   | 2 |  2.9
Dodging        | |  2.3
Stealth        | |  2.0
Translocations | |  1.0

Action                   |  1- 3 |  4- 6 |  7- 9 || total
-------------------------+-------+-------+-------++-------
Melee: Unarmed           |    13 |    42 |    75 ||   130
       Whip              |       |       |    26 ||    26
       Staff             |       |       |    13 ||    13
Throw: Throwing net      |       |       |     1 ||     1
 Cast: Magic Dart        |    83 |   130 |   185 ||   398
       Call Imp          |       |    25 |    86 ||   111
       Conjure Flame     |       |     3 |     5 ||     8
       Blink             |       |     1 |     3 ||     4
       Sting             |       |       |    37 ||    37
       Mephitic Cloud    |       |       |     1 ||     1
Evoke: Wand              |       |     1 |     5 ||     6
  Use: Potion            |       |     5 |     6 ||    11
       Scroll            |       |     3 |    12 ||    15
 Stab: Paralysed         |       |     8 |    14 ||    22
       Distracted        |       |       |     1 ||     1
       Invisible         |       |       |     4 ||     4
  Eat: Chunk             |     2 |     6 |    15 ||    23
       Ration            |       |     1 |       ||     1
Armor: Robe              |       |    12 |    47 ||    59
       Skin              |       |     7 |       ||     7
Dodge: Dodged            |    25 |    60 |   113 ||   198
Block: Other             |       |       |     6 ||     6
       Buckler           |       |       |    26 ||    26
       Reflection        |       |       |     5 ||     5

Table legend:
 A = Spawn XP
 B = Non-spawn XP
 C = Spawn XP percentage of total XP
 D = Spawn monster count
 E = Non-spawn monster count
 F = Spawn count percentage of total count
 G = Total turns spent on level
                    A         B        C        D         E        F      G
               +---------+---------+-------+---------+---------+-------+---------
         Total |       0 |    3661 |   0.0 |       0 |     160 |   0.0 |  9304
               +---------+---------+-------+---------+---------+-------+---------
           D:1 |       0 |      49 |   0.0 |       0 |      23 |   0.0 |  1983
           D:2 |       0 |     190 |   0.0 |       0 |      24 |   0.0 |  1513
           D:3 |       0 |     219 |   0.0 |       0 |      36 |   0.0 |  1446
           D:4 |       0 |     932 |   0.0 |       0 |      17 |   0.0 |  1526
           D:5 |       0 |     534 |   0.0 |       0 |      20 |   0.0 |  1099
           D:6 |       0 |    1174 |   0.0 |       0 |      17 |   0.0 |  1232
           D:7 |       0 |     563 |   0.0 |       0 |      23 |   0.0 |   505
               +---------+---------+-------+---------+---------+-------+---------
